 Dungeon Crawl Stone Soup version 0.22.0-5-gf09313c (webtiles) character file.

88 Gergoth the Magician (level 4, -3/30 HPs)
             Began as a Mummy Fire Elementalist on Aug 13, 2018.
             Slain by an adder (5 damage)
             ... on level 2 of the Dungeon.
             The game lasted 00:02:03 (1335 turns).

Gergoth the Magician (Mummy Fire Elementalist)      Turns: 1335, Time: 00:02:04

Health: -3/30      AC:  2    Str: 14    XL:     4   Next: 30%
Magic:  1/10       EV: 12    Int: 15    God:
Gold:   86         SH:  0    Dex: 12    Spells: 10/11 levels left

rFire    x . .     SeeInvis .   (no weapon)
rCold    + . .     Gourm    .   (no shield)
rNeg     + + +     Faith    .   a - +0 robe
rPois    ∞         Spirit   .   (no helmet)
rElec    .         Reflect  .   (no cloak)
rCorr    .         Harm     .   (no gloves)
MR       .....                  (no boots)
Stlth    ++........             (no amulet)
HPRegen  0.10/turn              b - +3 ring of strength
MPRegen  0.12/turn              (no ring)

@: no status effects
A: no food or potions, fire vulnerability, cold resistance 1, negative energy
resistance 3, torment resistance, unbreathing
a: no special abilities


You were on level 2 of the Dungeon.
You were not hungry.

You visited 1 branch of the dungeon, and saw 2 of its levels.

You collected 86 gold pieces.

Inventory:

Missiles
 d - a throwing net (quivered)
Armour
 a - a +0 robe (worn)
Jewellery
 b - a +3 ring of strength (left hand)
 i - an uncursed ring of resist corrosion {unknown}
 j - an uncursed amulet of guardian spirit {unknown}
Scrolls
 c - a scroll of enchant weapon {unknown}
 e - a scroll of teleportation {unknown}
 f - a scroll of fog {unknown}
 g - a scroll of fear {unknown}
 h - a scroll of remove curse {unknown}


   Skills:
 - Level 1.5 Dodging
 - Level 1.5 Stealth
 + Level 4.0 Spellcasting
 + Level 2.0 Conjurations
 + Level 3.1 Fire Magic


You had 10 spell levels left.
You knew the following spells:

 Your Spells              Type           Power        Failure   Level  Hunger
a - Flame Tongue          Conj/Fire      ##...        6%          1    N/A

Your spell library contained the following spells:

 Spells                   Type           Power        Failure   Level  Hunger
 Fireball                 Conj/Fire      ##........   86%         5    N/A
 Conjure Flame            Conj/Fire      ##......     19%         3    N/A
 Throw Flame              Conj/Fire      ##....       10%         2    N/A
 Sticky Flame             Conj/Fire      ##......     52%         4    N/A
 Inner Flame              Hex/Fire       #.......     28%         3    N/A

Dungeon Overview and Level Annotations

Branches:
Dungeon (2/15)

Altars:


Innate Abilities, Weirdness & Mutations

You do not eat or drink.
Your flesh is vulnerable to fire.
You are immune to poison.
Your flesh is cold resistant. (rC+)
You are immune to negative energy. (rN+++)
You are immune to unholy pain and torment.
You can survive without breathing.


Message History

Aiming: Flame Tongue (safe; 7% risk of failure)
Press: ? - help, Shift-Dir - straight line, f/p - orc priest
Aim: an orc priest, wielding a club (heavily wounded)
The flame tongue hits the orc priest.
You kill the orc priest!
Your Spellcasting skill increases to level 4!
Your Conjurations skill increases to level 2!
You have reached level 4!
The adder bites you.
* * * LOW HITPOINT WARNING * * *
Sorry, you're not good enough to have a special ability.
Casting: Flame Tongue (safe; 6% risk of failure)
Confirm with . or Enter, or press ? or * to list all spells.
Aiming: Flame Tongue (safe; 6% risk of failure)
Press: ? - help, Shift-Dir - straight line, f - adder
Aim: an adder The flame tongue hits the adder.
The adder is severely wounded.
The adder bites you.
You die...

..............# #...
..o.....#...#..##..#
#.#
..S..........o#..#
#..
.......o....⌠#..#
### #.o.. ..... #.#
#..#...#.. #.#
#........###.#######
#.#########.........
#.S@........########
#############


You could see an adder.

Vanquished Creatures
  An orc priest (D:2)
  An orc wizard (D:2)
  2 dart slugs (D:1)
  2 orcs (D:2)
  3 giant cockroaches
  5 hobgoblins
  2 kobolds
  4 bats (D:1)
  2 rats
22 creatures vanquished.

Notes
Turn   | Place    | Note
-------+----------+-------------------------------------------
     0 | D:1      | Gergoth the Mummy Fire Elementalist began the quest for the Orb.
     0 | D:1      | Reached XP level 1. HP: 13/13 MP: 4/4
   237 | D:1      | Reached skill level 1 in Conjurations
   289 | D:1      | Reached skill level 3 in Spellcasting
   337 | D:1      | Reached XP level 2. HP: 19/19 MP: 1/6
  1131 | D:2      | Reached XP level 3. HP: 24/24 MP: 1/8
  1334 | D:2      | Reached skill level 4 in Spellcasting
  1334 | D:2      | Reached XP level 4. HP: 5/30 MP: 2/10
  1335 | D:2      | Slain by an adder

Skill      XL: |  1  2  3 |
---------------+----------+-----
Conjurations   | 1 2 |  2.0
Spellcasting   | 3 4 |  4.0
Fire Magic     | 3 |  3.1
Dodging        | |  1.5
Stealth        | |  1.5

Action                   |  1- 3 |  4- 6 || total
-------------------------+-------+-------++-------
Melee: Unarmed           |    13 |       ||    13
 Cast: Flame Tongue      |    46 |     2 ||    48
Armor: Robe              |     9 |       ||     9
Dodge: Dodged            |    34 |       ||    34
